 Dungeon Crawl Stone Soup version 0.30-b1-2-g02819fbbbe (webtiles) character file.

Game seed: 2863951163765125204

430 raph the Firebug (level 6, -1/32 HPs)
             Began as a Deep Elf Fire Elementalist on Aug 23, 2023.
             Was an Initiate of Sif Muna.
             Killed themself with a badly aimed concussive blast (6 damage)
             ... on level 4 of the Dungeon.
             The game lasted 00:05:38 (4156 turns).

raph the Firebug (Deep Elf Fire Elementalist)       Turns: 4156, Time: 00:05:38

Health: -1/32      AC:  5    Str:  5    XL:     6   Next: 66%
Magic:  13/24      EV: 12    Int: 22    God:    Sif Muna [......]
Gold:   233        SH:  5    Dex: 15    Spells: 2/15 levels left

rFire   . . .        b - +5 dagger "Sackice" {freeze, rPois}
rCold   . . .        (no shield)
rNeg    . . .        g - +0 robe
rPois   +            k - +1 helmet
rElec   .            j - +0 cloak
rCorr   .            (no gloves)
SInv    +            (no boots)
Will    .....        l - amulet of reflection
Stlth   ++           n - ring of magical power
HPRegen 0.25/turn    e - ring of see invisible
MPRegen 0.19/turn

%: reflection
@: no status effects
A: no striking features
a: Renounce Religion


You were on level 4 of the Dungeon.
You worshipped Sif Muna.
Sif Muna was noncommittal.
You visited 1 branch of the dungeon, and saw 4 of its levels.

You collected 233 gold pieces.

Inventory:

Hand Weapons
 a - a +0 sling
 b - the +5 dagger "Sackice" (weapon) {freeze, rPois}
   (You found it on level 3 of the Dungeon)

   rPois:     It protects you from poison.
Missiles
 p - 9 poisoned darts
Armour
 g - a +0 robe (worn)
 j - a +0 cloak (worn)
 k - a +1 helmet (worn)
Jewellery
 e - a ring of see invisible (right hand)
 f - a ring of positive energy
 l - an amulet of reflection (around neck)
 n - a ring of magical power (left hand)
 w - a ring of magical power
 x - an amulet of regeneration
Scrolls
 c - 2 scrolls of fog
 q - 2 scrolls of immolation
 t - 2 scrolls of torment {unknown}
 y - a scroll of teleportation {unknown}
 A - a scroll of identify
Potions
 d - a potion of curing
 h - 2 potions of magic
 i - a potion of lignification {unknown}
 m - a potion of might
 o - a potion of ambrosia
 r - a potion of haste
 s - a potion of flight {unknown}
 u - 2 potions of heal wounds
 v - a potion of mutation {unknown}
 z - a potion of berserk rage {unknown}


   Skills:
 + Level 0.0 Fighting
 + Level 2.4 Dodging
 - Level 2.4 Stealth
 + Level 5.0 Spellcasting
 + Level 4.1 Conjurations
 * Level 6.3 Fire Magic


You had 2 spell levels left.
You knew the following spells:

 Your Spells              Type           Power      Damage    Failure   Level
a - Foxfire               Conj/Fire      100%       2x1d9     1%          1
b - Scorch                Fire           66%        2d8       1%          2
c - Inner Flame           Hex/Fire       19%        N/A       9%          3
d - Volatile Blastmotes   Fire/Tloc      38%        2d13      9%          3
e - Flame Wave            Conj/Fire      28%        2d9       12%         4

Your spell library contained the following spells:

 Spells                   Type           Power      Damage    Failure   Level
 Yara's Violent Unravell  Hex/Tmut       2%         3d3       95%         5
 Enfeeble                 Hex            2%         N/A       100%        7


Dungeon Overview and Level Annotations

Branches:
Dungeon (4/15)
 Temple: D:4-7

Altars:
Dithmenos
Qazlal
Sif Muna
Trog
Xom
Yredelemnul

Annotations:
D:4 Edmund


Message History

Edmund is moderately wounded.
Edmund hits you with a +2 dire flail of holy wrath!
You hear an angry hiss.
Casting: Scorch (safe; 1% risk of failure)
Confirm with . or Enter, or press ? or * to list all spells.
Flames lash Edmund.
Edmund is burned terribly!
Edmund is severely wounded.
You hear a shout!
Edmund closely misses you.
You hear an angry hiss. x2
Casting: Scorch (safe; 1% risk of failure)
Confirm with . or Enter, or press ? or * to list all spells.
Flames lash Edmund.
Edmund is burned terribly!
Edmund is almost dead.
You hear a shout!
An orc comes into view. It is wielding a +0 flail.
Edmund drinks a potion.
Edmund is healed!
Casting: Scorch (safe; 1% risk of failure)
Confirm with . or Enter, or press ? or * to list all spells.
Flames lash Edmund.
Edmund is heavily wounded.
Edmund hits you with a +2 dire flail of holy wrath!
An orc comes into view. It is wielding a +0 short sword.
Casting: Scorch (safe; 1% risk of failure)
Confirm with . or Enter, or press ? or * to list all spells.
You don't know that spell.
Casting: Scorch (safe; 1% risk of failure)
Confirm with . or Enter, or press ? or * to list all spells.
A cloud of volatile blastmotes flares up around you!
Edmund hits you with a +2 dire flail of holy wrath!
* * * LOW HITPOINT WARNING * * *
Unknown command.
Edmund attacks as you move away! You block Edmund's attack.
The orc attacks as you move away! The orc barely misses you.
A ball python comes into view.
The cloud of blastmotes explodes!
The concussive blast engulfs the orc!
You kill the orc!
Sif Muna accepts your kill. The concussive blast engulfs you.
You die...

........######.# #.#
####.#####...#.#### #.#
####.# #....(...# ##
#.# .)##.# #...#.####
..## ###
..##.######.##.####
...'.
.........)..####..##o.#
### .....#####..#
#....g# #.. ####.# #..#
#..)@# ### #
#.#####..####@.##
#..........##'##
#.#####<..##..## ##.#
##..#....# ### #..#
#..'....# #.[
###'#######.###..#S#
#.# .......'....#
####..# #.#
.≈...≈§###..# ...# #.#
.§._.≈§# ##.# ..'. ###
#.#


You could see Edmund (combustible), an orc, a hobgoblin and a ball python
(wandering).

Vanquished Creatures
  A howler monkey (D:4)
  2 orc priests
  Crazy Yiuf (D:2)
  3 hounds
  Jessica (D:2)
  2 iguanas (D:4)
  An orc wizard (D:3)
  5 adders
  3 dart slugs
  9 orcs
  4 ball pythons
  3 endoplasms
  2 giant cockroaches
  7 goblins
  5 hobgoblins
  4 jackals
  2 quokkas
  5 bats (D:1)
  A frilled lizard (D:3)
  8 kobolds
  2 rats
71 creatures vanquished.

Vanquished Creatures (others)
  206 foxfires
206 creatures vanquished.

Grand Total: 277 creatures vanquished

Notes
Turn   | Place    | Note
-------+----------+-------------------------------------------
     0 | D:1      | raph the Deep Elf Fire Elementalist began the quest for the
                  | Orb.
     0 | D:1      | Reached XP level 1. HP: 10/10 MP: 6/6
   241 | D:1      | Reached XP level 2. HP: 15/15 MP: 0/8
   520 | D:1      | Learned a level 2 spell: Scorch
   935 | D:2      | Reached skill level 4 in Fire Magic
  1077 | D:2      | Reached XP level 3. HP: 19/19 MP: 4/9
  1081 | D:2      | Learned a level 3 spell: Inner Flame
  1294 | D:2      | Noticed Jessica
  1302 | D:2      | Killed Jessica
  1303 | D:2      | Reached XP level 4. HP: 24/24 MP: 11/11
  1382 | D:2      | Learned a level 3 spell: Volatile Blastmotes
  1577 | D:2      | Found a runed translucent door.
  1578 | D:2      | Noticed Crazy Yiuf
  1583 | D:2      | Killed Crazy Yiuf
  1584 | D:2      | Reached skill level 5 in Fire Magic
  1584 | D:2      | Reached XP level 5. HP: 28/28 MP: 12/12
  1892 | D:2      | You fall into a shaft and drop 1 floor!
  2453 | D:3      | Found a bloodstained altar of Trog.
  2476 | D:3      | Found a shadowy altar of Dithmenos.
  2504 | D:3      | Identified the +5 dagger "Sackice" {freeze, rPois}
  2553 | D:3      | Found a basalt altar of Yredelemnul.
  2748 | D:3      | Found a shimmering blue altar of Sif Muna.
  2873 | D:3      | Became a worshipper of Sif Muna the Loreminder
  3273 | D:4      | Reached XP level 6. HP: 32/32 MP: 13/14
  3403 | D:4      | Found a stormy altar of Qazlal.
  3506 | D:4      | Found a shimmering altar of Xom.
  3682 | D:4      | Reached skill level 6 in Fire Magic
  3724 | D:4      | Learned a level 4 spell: Flame Wave
  3982 | D:4      | Reached skill level 5 in Spellcasting
  4147 | D:4      | Noticed Edmund
  4156 | D:4      | Killed themself with a badly aimed concussive blast

Illustrated notes

Levels and vault maps discovered:
D:1:      matt_arrival_diagonals, layout_basic
D:2:      layout_rooms, uniq_jessica, uniq_crazy_yiuf_cottage
D:3:      layout_rooms, nicolae_overflow_hidden_temple,
          nicolae_sif_muna_condensation, nicolae_dithmenos_shadow_blocks,
          mainiacjoe_overflow_catwalk
D:4:      minmay_bubble_buster, layout_loops_ring,
          mainiacjoe_overflow_six_doors_small, xom_teletrap_fun, uniq_edmund

Skill      XL: |  1  2  3  4  5  6 |
---------------+-------------------+-----
Conjurations   | 2 3 4 |  4.1
Fire Magic     | 4 5 6 |  6.3
Spellcasting   | 4 5 |  5.0
Dodging        | |  2.4
Stealth        | |  2.4

Action                     |  1- 3 |  4- 6 || total
---------------------------+-------+-------++-------
  Melee: Dagger            |       |     1 ||     1
         Punch             |       |     1 ||     1
   Fire: Sling             |     9 |       ||     9
   Cast: Foxfire           |    49 |    74 ||   123
         Scorch            |     4 |    24 ||    28
         Volatile Blastmot |       |     6 ||     6
    Use: Scroll            |       |     8 ||     8
 Armour: Robe              |    11 |     2 ||    13
  Dodge: Dodged            |    27 |     4 ||    31
  Block: Other             |     7 |     4 ||    11
